 Dungeon Crawl Stone Soup version 0.24.0-29-g8ce449bc06 (webtiles) character file.

Game seed: 1168036727866654846, levelgen mode: deterministic

47917 FessEmpty the Arsonist (level 14, 0/99 HPs)
             Began as a Pale Draconian Summoner on Nov 15, 2019.
             Was a High Priest of Hepliaklqana.
             Hit by a silver javelin thrown by a minotaur (9 damage)
             ... in a Gauntlet.
             The game lasted 01:52:23 (22405 turns).

FessEmpty the Arsonist (Pale Draconian Summoner)   Turns: 22405, Time: 01:52:24

Health: 0/99       AC: 12    Str: 10    XL:     14   Next: 10%
Magic:  12/36      EV: 28    Int: 20    God:    Hepliaklqana [*****.]
Gold:   1178       SH:  0    Dex: 19    Spells: 19/32 levels left

rFire    x . .     SeeInvis .   W - +8 demon trident
rCold    + . .     Gourm    .   (no shield)
rNeg     . . .     Faith    .   (armour unavailable)
rPois    .         Spirit   .   (helmet restricted)
rElec    .         Reflect  .   z - +2 cloak {MR+}
rCorr    .         Harm     .   t - +0 pair of gloves
MR       +....     NoTele   +   (no boots)
Stlth    +++.......             j - amulet of the acrobat
HPRegen  0.26/turn              l - ring of magical power
MPRegen  0.25/turn              Y - ring of Ishaw {Ice +Blink MR- Dex+6 Stlth+}

@: acrobat
A: breathe steam, unfitting armour, reduced essence, cold-blooded, AC +8
a: Breathe Steam, Recall Ancestor, Ancestor Identity, Transference, Idealise,
Renounce Religion, Evoke Blink


You were in a Gauntlet.
You worshipped Hepliaklqana.
Hepliaklqana was extremely pleased with you.
You were hungry.

You visited 3 branches of the dungeon, and saw 19 of its levels.
You also visited: Sewer and Gauntlet.

You collected 1178 gold pieces.

Inventory:

Hand Weapons
 W - a +8 demon trident (weapon)
Missiles
 n - 71 poisoned darts (quivered)
Armour
 t - a +0 pair of gloves (worn)
 z - a +2 cloak of magic resistance (worn)
Jewellery
 e - an uncursed ring of ice
 j - an amulet of the acrobat (around neck)
 l - a ring of magical power (left hand)
 o - a +2 ring of strength {unknown}
 F - an uncursed ring of see invisible
 G - an uncursed ring of positive energy
 L - a cursed -2 ring of intelligence {unknown}
 Q - an uncursed ring of magical power
 U - a +2 ring of strength {unknown}
 V - an uncursed ring of protection from magic
 Y - the ring of Ishaw (right hand) {Ice +Blink MR- Dex+6 Stlth+}
   (You found it in a Gauntlet)

   [ring of ice]

   It enhances your ice magic.
   It affects your dexterity (+6).
   It makes you vulnerable to fire.
   It protects you from cold.
   It affects your resistance to hostile enchantments.
   It lets you blink.
   It makes you more stealthy.
Wands
 g - a wand of flame (17)
 s - a wand of polymorph (12)
 u - a wand of disintegration (7)
 A - a wand of random effects (8)
 C - a wand of paralysis (5)
 E - a wand of acid (6)
 K - a wand of digging (4)
 M - a wand of enslavement (7)
Scrolls
 a - 2 scrolls of fog
 f - a scroll of amnesia
 k - 2 scrolls of teleportation
 w - 2 scrolls of vulnerability {unknown}
 x - a scroll of acquirement {unknown}
 y - a scroll of silence {unknown}
 D - 4 scrolls of immolation
 H - 5 scrolls of enchant armour {unknown}
 I - 2 scrolls of noise {unknown}
 J - a scroll of random uselessness {unknown}
 N - 2 scrolls of identify
Potions
 c - 3 potions of lignification
 d - 8 potions of curing
 h - 2 potions of flight {unknown}
 i - 6 potions of haste {unknown}
 m - a potion of berserk rage {unknown}
 p - a potion of ambrosia {unknown}
 q - 4 potions of agility {unknown}
 v - 5 potions of cancellation
 B - 2 potions of invisibility {unknown}
 O - a potion of brilliance {unknown}
 P - 3 potions of mutation {unknown}
 R - 4 potions of might {unknown}
 S - a potion of magic {unknown}
 T - 2 potions of resistance
 X - 2 potions of heal wounds
Comestibles
 b - 22 rations


   Skills:
 + Level 6.8 Fighting
 * Level 11.2 Polearms
   Level 0.4(7.1) Staves
 + Level 2.4 Dodging
 - Level 1.7 Stealth
 - Level 9.7 Spellcasting
 - Level 8.2 Conjurations
 - Level 9.1 Summonings
 - Level 12.4 Fire Magic
 - Level 6.6 Air Magic
 - Level 6.0 Invocations
 - Level 4.0 Evocations


You had 19 spell levels left.
You knew the following spells:

 Your Spells              Type           Power        Failure   Level  Hunger
c - Summon Lightning Spi  Summ/Air       #####...     2%          4    ##.....
d - Fireball              Conj/Fire      ######....   2%          5    #####..
e - Sticky Flame          Conj/Fire      ######..     1%          4    ##.....

Your spell library contained the following spells:

 Spells                   Type           Power        Failure   Level  Hunger
 Flame Tongue             Conj/Fire      #####        1%          1    None
 Summon Small Mammal      Summ           ####         1%          1    None
 Call Imp                 Summ           #####...     1%          2    None
 Throw Flame              Conj/Fire      ######       1%          2    None
 Call Canine Familiar     Summ           #####...     1%          3    None
 Conjure Flame            Conj/Fire      ######..     1%          3    None
 Inner Flame              Hex/Fire       ####....     1%          3    None
 Summon Guardian Golem    Hex/Summ       ####....     3%          3    None
 Animate Skeleton         Necr           N/A          7%          1    None
 Apportation              Tloc           #.....       7%          1    None
 Confusing Touch          Hex            #.....       7%          1    None
 Summon Ice Beast         Ice/Summ       #####...     11%         4    ##.....
 Gell's Gravitas          Tloc           #.........   22%         3    None
 Teleport Other           Tloc           #.......     22%         3    None
 Vampiric Draining        Necr           #.........   22%         3    None
 Summon Forest            Summ/Tloc      ####......   30%         5    #####..
 Dispersal                Tloc           #.........   100%        6    ######.


Dungeon Overview and Level Annotations

Branches:
Dungeon (14/15)            Temple (1/1) D:5            Lair (4/6) D:11
 Shoals (0/4) Lair:4       Spider (0/4) Lair:4          Orc (0/2) D:10
  Sewer (visited)         Gauntlet (1/1)
 Vaults: D:13-14

Altars:
Ashenzari
Cheibriados
Dithmenos
Elyvilon
Fedhas
Gozag
Hepliaklqana
Kikubaaqudgha
Makhleb
Nemelex Xobeh
Okawaru
Qazlal
Ru
Sif Muna
Trog
Uskayaw
Vehumet
Wu Jian
Xom
Yredelemnul
Zin
The Shining One
Beogh

Shops:
D:5 (}}(%

Annotations:
D:6 2 transporters, ilikeclowns's ghost, weakling DsNe Gauntlet 12 transporters


Innate Abilities, Weirdness & Mutations

You can breathe blasts of scalding, opaque steam.
Your pale cyan-grey scales are hard. (AC +8)
You cannot fit into any form of body armour.
You are cold-blooded and may be slowed by cold attacks.
Your life essence is reduced to manifest your ancestor. (-10% HP)


Message History

The small abomination closely misses you.
The small abomination is engulfed in a cloud of scalding steam.
You destroy the small abomination!
Casting: Summon Lightning Spire (safe; 2% risk of failure)
Confirm with . or Enter, or press ? or * to list all spells.
Aiming: Summon Lightning Spire (safe; 2% risk of failure)
Press: ? - help, Dir - move target cursor An electric hum fills the air.
You are feeling hungry.
The small abomination is engulfed in a cloud of scalding steam.
The small abomination barely misses you.
The large abomination hits your lightning spire!
The small abomination is engulfed in a cloud of scalding steam.
You have got your breath back.
Something barely misses your lightning spire.
You see here a giant spiked club.
Something hits your lightning spire!!
Your lightning spire is destroyed!
You see here a potion of heal wounds.
The large abomination enters a dispersal trap!
The small abomination blinks!
You blink.
You enter a dispersal trap!
You blink.
The large abomination blinks!
The large abomination fails to trigger a net trap.
You see here a shimmering turquoise ring.
Y - a shimmering turquoise ring The large abomination enters a dispersal trap!
The small abomination blinks!
You blink.
The large abomination blinks!
There is a transporter here.
You enter the transporter and appear at another place.
The small abomination closely misses you.
Casting: Summon Lightning Spire (safe; 2% risk of failure)
Confirm with . or Enter, or press ? or * to list all spells.
Aiming: Summon Lightning Spire (safe; 2% risk of failure)
Press: ? - help, Dir - move target cursor An electric hum fills the air.
Okay, then.
You are too injured to fight recklessly!
Press: ? - help, Shift-Dir - straight line, f - small abomination
Aim: a small abomination (moderately damaged)
You exhale a blast of scalding steam.
The ball of steam hits the small abomination!
The small abomination is severely damaged.
You feel slightly more hungry.
The small abomination is engulfed in a cloud of scalding steam.
The small abomination closely misses you.
You hit the small abomination but do no damage.
The small abomination is almost destroyed.
The small abomination is engulfed in a cloud of scalding steam.
You destroy the small abomination!
You start resting.
Eating one of 4 chunks of flesh.
You eat one of the 4 chunks of flesh.
This raw flesh tastes terrible.
The death yak bellows!
You have got your breath back.
You start resting.
The death yak bellows!
You hear a bellow!
Your lightning spire disappears in a puff of smoke!
Magic restored.
You start resting.
The necromancer shouts!
Audrea emerges from the mists of memory!
You start resting.
All of the chunks of flesh in your inventory have rotted away.
HP restored.
You remove your ring of magical power.
You feel your magic capacity decrease.
You feel more attuned to ice.
You feel agile.
Y - the ring of Ishaw (right hand) {Ice +Blink MR- Dex+6 Stlth+}
Okay, then.
Okay, then.
You swap places.
You swap places.
You swap places.
You open the door.
A minotaur comes into view.
It is wielding the +3 battleaxe "Bionywn" {drain, +Fly MR+ MP+9 Int-4}.
Found a plate armour.
Found a gate leading back out of this place.
Throwing (i - inventory)
n - 71 poisoned darts (quivered)
Press: ? - help, Shift-Dir - straight line, f - minotaur
Aim: a minotaur, wielding the +3 battleaxe "Bionywn" {drain, +Fly MR+ MP+9 Int-4}, wearing a +0 plate armour and wearing an uncursed ring of wizardry (hasn't noticed you)
Okay, then.
Casting: Summon Lightning Spire (safe; 2% risk of failure)
Confirm with . or Enter, or press ? or * to list all spells.
Aiming: Summon Lightning Spire (safe; 2% risk of failure)
Press: ? - help, Dir - move target cursor An electric hum fills the air.
The minotaur bellows!
You are feeling hungry.
The minotaur throws a silver javelin.
The silver javelin barely misses you.
Press: ? - help, Shift-Dir - straight line, f - minotaur
Aim: a minotaur, wielding the +3 battleaxe "Bionywn" {drain, +Fly MR+ MP+9 Int-4}, wearing a +0 plate armour and wearing an uncursed ring of wizardry You exhale a blast of scalding steam.
You feel somewhat more hungry. What are your orders? t - Shout!
Orders for allies: a - Attack new target. r - Retreat! s - Stop attacking. g - Guard the area. f - Follow me.
Anything else - Cancel.
Okay, then.
Your lightning spire shoots out a bolt of lightning at the minotaur!
The bolt of electricity hits the minotaur!
What are your orders? t - Shout!
Orders for allies: a - Attack new target. p - Attack previous target. r - Retreat! s - Stop attacking. g - Guard the area. f - Follow me.
Anything else - Cancel.
Gang up on whom?
Press: ? - help, Dir - move target cursor, f/p - minotaur
Aim: a minotaur, wielding the +3 battleaxe "Bionywn" {drain, +Fly MR+ MP+9 Int-4}, wearing a +0 plate armour and wearing an uncursed ring of wizardry (steam, moderately wounded) Attack!
The minotaur is engulfed in a cloud of scalding steam.
The minotaur hits Audrea with the cursed +3 battleaxe "Bionywn" {drain, +Fly MR+ MP+9 Int-4}!!
The minotaur hits your lightning spire with the cursed +3 battleaxe "Bionywn" {drain, +Fly MR+ MP+9 Int-4}!!
The minotaur gores Audrea!
Audrea barely misses the minotaur.
The minotaur furiously retaliates!
The minotaur headbutts Audrea, but does no damage.
Hepliaklqana grants Audrea healing and protection!
Audrea is healed somewhat.
The minotaur throws a silver javelin.
The silver javelin pierces through your lightning spire.
The silver javelin pierces through you!!
Casting: Summon Lightning Spire (safe; 2% risk of failure)
Confirm with . or Enter, or press ? or * to list all spells.
Aiming: Summon Lightning Spire (safe; 2% risk of failure)
Press: ? - help, Dir - move target cursor, f - lightning spire, p - minotaur
Aim: a lightning spire (steam, almost destroyed, friendly, summoned) That space is already occupied.
You can't do that yet.
Audrea hits the minotaur with a +0 quarterstaff!
The minotaur throws a silver javelin.
The silver javelin pierces through Audrea!!
Audrea is destroyed!
The silver javelin closely misses you.
You see here a silver javelin.
Casting: Summon Lightning Spire (safe; 2% risk of failure)
Confirm with . or Enter, or press ? or * to list all spells.
Aiming: Summon Lightning Spire (safe; 2% risk of failure)
Press: ? - help, Dir - move target cursor, p - lightning spire An electric hum fills the air.
You have got your breath back.
Your lightning spire disappears in a puff of smoke!
The minotaur throws a silver javelin.
The silver javelin barely misses your lightning spire.
The silver javelin pierces through you.
Attack whom?
Press: ? - help, Dir - move target cursor, f - minotaur
Aim: a minotaur, wielding the +3 battleaxe "Bionywn" {drain, +Fly MR+ MP+9 Int-4}, wearing a +0 plate armour and wearing an uncursed ring of wizardry (moderately wounded)
You could not reach far enough!
The minotaur hits your lightning spire with the cursed +3 battleaxe "Bionywn" {drain, +Fly MR+ MP+9 Int-4}!!!
Your lightning spire is destroyed!
Casting: Summon Lightning Spire (safe; 2% risk of failure)
Confirm with . or Enter, or press ? or * to list all spells.
Aiming: Summon Lightning Spire (safe; 2% risk of failure)
Press: ? - help, Dir - move target cursor, p - minotaur An electric hum fills the air.
Attack whom?
Press: ? - help, Dir - move target cursor, f - minotaur
Aim: a minotaur, wielding the +3 battleaxe "Bionywn" {drain, +Fly MR+ MP+9 Int-4}, wearing a +0 plate armour and wearing an uncursed ring of wizardry (moderately wounded)
You reach to attack!
You hit the minotaur but do no damage.
The minotaur is moderately wounded.
The minotaur hits your lightning spire with the cursed +3 battleaxe "Bionywn" {drain, +Fly MR+ MP+9 Int-4}!!
Your lightning spire is destroyed!
Casting: Summon Lightning Spire (safe; 2% risk of failure)
Confirm with . or Enter, or press ? or * to list all spells.
Aiming: Summon Lightning Spire (safe; 2% risk of failure)
Press: ? - help, Dir - move target cursor, p - minotaur An electric hum fills the air.
The minotaur throws a silver javelin.
The silver javelin pierces through your lightning spire!!
Your lightning spire is destroyed!
The silver javelin barely misses you.
Casting: Summon Lightning Spire (safe; 2% risk of failure)
Confirm with . or Enter, or press ? or * to list all spells.
Aiming: Summon Lightning Spire (safe; 2% risk of failure)
Press: ? - help, Dir - move target cursor An electric hum fills the air.
The minotaur throws a silver javelin.
The silver javelin pierces through your lightning spire!
The silver javelin closely misses you. What are your orders? t - Shout!
Orders for allies: a - Attack new target. r - Retreat! s - Stop attacking. g - Guard the area. f - Follow me.
Anything else - Cancel.
Gang up on whom?
Press: ? - help, Dir - move target cursor, f - minotaur
Aim: a minotaur, wielding the +3 battleaxe "Bionywn" {drain, +Fly MR+ MP+9 Int-4}, wearing a +0 plate armour and wearing an uncursed ring of wizardry (moderately wounded) Attack!
The minotaur throws a silver javelin.
The silver javelin pierces through your lightning spire!
Your lightning spire is destroyed!
The silver javelin pierces through you!!
The minotaur throws a silver javelin.
The silver javelin closely misses you.
Casting: Summon Lightning Spire (safe; 2% risk of failure)
Confirm with . or Enter, or press ? or * to list all spells.
Aiming: Summon Lightning Spire (safe; 2% risk of failure)
Press: ? - help, Dir - move target cursor An electric hum fills the air.
The minotaur throws a silver javelin.
The silver javelin pierces through you!!
* * * LOW HITPOINT WARNING * * *
You die...

#.##.##∩##.##.# ##.##.##.##.##.##
#......#.#......#
###.##.#.###.##.#
###.##.#'###.##.#
#......H........#
#.##.##(##.##.###
#.##.##H##.##.###
#.....((..@8....#
##.##.##.##.##.##
###.##.##.##.##.###
#§...............≈# #
####8..©.©.©.©.©.©..8#### ### # #
#8##§...............≈##8# #8# #
#################################
.............≈∩≈.................
..............§§§................


You could see a minotaur and a friendly lightning spire.

Vanquished Creatures
  The ghost of PainCeiling the Carver, a journeyman DrIE of Qazlal (Lair:1)
  4 hydras
  A two-headed ogre (D:11)
  2 unseen horrors
  A deep elf mage (D:14)
  2 ugly things
  A manticore (D:14)
  2 cyclopes
  2 black mambas
  4 spiny frogs
  2 komodo dragons
  A rime drake (Lair:3)
  A yaktaur (D:14)
  3 trolls
  2 large abominations (Gauntlet)
  2 hornets (Lair:2)
  5 slime creatures
  2 blink frogs (Lair:3)
  A raiju (Gauntlet)
  A dream sheep (shapeshifter) (D:14)
  A centaur simulacrum (D:14)
  4 hippogriffs
  2 shadows
  3 small abominations (Gauntlet)
  A steam dragon (Gauntlet)
  5 yaks
  A fire elemental (D:12)
  2 hungry ghosts
  3 vampire mosquitoes
  An acid dragon (D:12)
  3 water moccasins
  4 porcupines
  A sky beast (D:14)
  A black bear (Lair:1)
  3 orc warriors (D:11)
  7 wolves (Lair:3)
  3 boggarts (D:11)
  4 ogres
  5 centaurs
  3 big kobolds
  A crocodile (Lair:2)
  Blork the orc (D:5)
  9 bullfrogs
  A wyvern skeleton (D:14)
  A water moccasin skeleton (D:7)
  A scorpion (D:5)
  3 wights
  3 electric eels
  4 crimson imps
  A quasit (D:11)
  5 bullfrog skeletons
  A centaur zombie (D:6)
  5 hounds
  Crazy Yiuf (D:5)
  2 orc priests
  4 jellies
  3 centaur skeletons
  3 iguanas
  4 orc wizards
  7 worker ants
  2 killer bee zombies
  A hound zombie (D:9)
  A worker ant zombie (D:5)
  9 adders
  3 river rats (Sewer)
  3 shadow imps
  2 oozes
  2 adder skeletons
  3 worms
  6 leopard geckos
  18 orcs
  5 bats
  8 giant cockroaches
  5 goblins
  3 hobgoblins
  7 jackals
  4 quokkas
  A ball python (Sewer)
  A frilled lizard (D:1)
  20 kobolds
  A quokka skeleton (D:6)
  12 rats
274 creatures vanquished.

Vanquished Creatures (collateral kills)
  Azrael (D:12)
  The ghost of Tocydero the Archer, a journeyman CeHu of Okawaru (D:11)
  4 hydras
  4 centaur warriors
  4 two-headed ogres
  Urug (D:12)
  Nergalle (Lair:2)
  A fire crab (shapeshifter) (D:10)
  2 unseen horrors
  Pikel (D:9)
  A cyclops (D:13)
  An ugly thing (D:11)
  2 centaur zombies (D:12)
  A black mamba (Lair:3)
  4 gargoyles
  A black mamba (shapeshifter) (D:14)
  3 spiny frogs
  3 komodo dragons
  A rime drake (shapeshifter) (D:14)
  3 trolls
  A meliai (shapeshifter) (D:14)
  2 hornets
  10 slime creatures
  5 blink frogs
  2 hippogriffs
  A shadow (D:12)
  A wyvern (D:9)
  2 fire elementals (D:12)
  A human (D:11)
  11 yaks
  A hungry ghost (D:12)
  7 vampire mosquitoes
  A warg (D:11)
  A steam dragon (Gauntlet)
  An acid dragon (D:14)
  3 hell hounds
  2 water moccasins
  4 orc warriors
  2 porcupines (Lair:2)
  3 sky beasts
  2 slaves (D:9)
  2 black bears
  An eye of draining (D:13)
  3 ice beasts
  A phantom (D:9)
  An ogre (D:8)
  2 boggarts (D:11)
  2 wolves (Lair:3)
  5 centaurs
  3 crocodiles
  5 big kobolds
  8 bullfrogs
  A wyvern skeleton (D:10)
  8 scorpions
  A water moccasin skeleton (D:4)
  A killer bee (D:9)
  A howler monkey (D:5)
  4 wights
  8 crimson imps
  2 quasits
  2 jellies
  A hound (D:4)
  A centaur skeleton (D:8)
  3 orc priests
  2 bullfrog skeletons
  6 iguanas
  4 orc wizards
  A statue (D:4)
  9 worker ants
  A hound zombie (D:9)
  A hound skeleton (D:9)
  A howler monkey skeleton (D:4)
  4 adders
  A shadow imp (D:10)
  An adder skeleton (D:4)
  A worm (D:4)
  2 dart slugs
  4 leopard geckos
  24 orcs
  2 ball pythons (Sewer)
  A bat (D:3)
  4 giant cockroaches
  4 goblins
  5 hobgoblins
  4 jackals
  2 quokkas (D:4)
  A frilled lizard (D:2)
  19 kobolds
  3 rats
276 creatures vanquished.

Vanquished Creatures (others)
  2 ancestors (D:8)
  14 battlemagi
  2 demonic plants (Gauntlet)
  9 fungi
  5 plants
  21 withered plants (Gauntlet)
53 creatures vanquished.

Grand Total: 603 creatures vanquished

Notes
Turn   | Place    | Note
-------+----------+-------------------------------------------
     0 | D:1      | FessEmpty the Draconian Summoner began the quest for the
                  | Orb.
     0 | D:1      | Reached XP level 1. HP: 14/14 MP: 3/3
   338 | D:1      | Reached XP level 2. HP: 17/20 MP: 1/5
  1170 | D:2      | Reached XP level 3. HP: 19/26 MP: 2/6
  1174 | D:2      | Learned a level 2 spell: Call Imp
  1493 | D:2      | Reached skill level 5 in Summonings
  1891 | D:2      | Reached XP level 4. HP: 26/33 MP: 5/8
  2000 | D:2      | Found a sparkling altar of Nemelex Xobeh.
  2865 | D:3      | Found a faded altar of an unknown god.
  3308 | D:4      | Reached XP level 5. HP: 21/38 MP: 2/9
  3966 | D:4      | Reached XP level 6. HP: 44/45 MP: 1/11
  4021 | D:4      | Learned a level 4 spell: Summon Lightning Spire
  4367 | D:4      | Found a radiant altar of Vehumet.
  4788 | D:4      | Reached skill level 1 in Air Magic
  5112 | D:5      | Entered Level 5 of the Dungeon
  5253 | D:5      | Found Irphi's Food Shop.
  5486 | D:5      | Found Hepaiski's Weapon Shop.
  5494 | D:5      | Your scales start taking on a pale cyan-grey colour.
  5494 | D:5      | Reached XP level 7. HP: 32/50 MP: 6/13
  5551 | D:5      | Found Pefez's Gadget Boutique.
  5679 | D:5      | Found a glowing drain.
  5691 | Sewer    | Entered a sewer
  6518 | D:5      | Found a runed translucent door.
  6519 | D:5      | Noticed Crazy Yiuf
  6576 | D:5      | Killed Crazy Yiuf
  6642 | D:5      | Found a bloodstained altar of Trog.
  6658 | D:5      | Noticed Blork the orc
  6665 | D:5      | Killed Blork the orc
  6665 | D:5      | Reached XP level 8. HP: 57/57 MP: 9/15
  6673 | D:5      | Found a staircase to the Ecumenical Temple.
  6701 | Temple   | Entered the Ecumenical Temple
  6946 | Temple   | Became a worshipper of Hepliaklqana the Forgotten
  7009 | D:5      | Found Mohiwk's Gadget Emporium.
  7071 | D:5      | Found Nigadosh's Weapon Shoppe.
  7238 | D:6      | Found a hide-covered altar of Uskayaw.
  7317 | D:6      | Noticed ilikeclowns's ghost (weakling DsNe)
  7320 | D:6      | Found a transporter.
  7339 | D:6      | Reached skill level 5 in Air Magic
  7360 | D:6      | Reached skill level 5 in Spellcasting
  7491 | D:6      | Reached * piety under Hepliaklqana
  7502 | D:6      | Found a transporter.
  7644 | D:6      | Found a shimmering blue altar of Sif Muna.
  7710 | D:7      | Found an opulent altar of Gozag.
  8331 | D:7      | Found a shimmering altar of Xom.
  8331 | D:7      | Found a burning altar of Makhleb.
  8339 | D:7      | Reached XP level 9. HP: 49/55 MP: 17/17
  8625 | D:8      | Reached skill level 1 in Fighting
  8686 | D:8      | Reached skill level 1 in Polearms
  8800 | D:8      | Reached ** piety under Hepliaklqana
  8869 | D:8      | Noticed a two-headed ogre
  8875 | D:8      | Killed a two-headed ogre
  8999 | D:8      | Found a glowing silver altar of Zin.
  9036 | D:8      | Remembered your ancestor Audrea as a battlemage
  9447 | D:8      | Reached skill level 5 in Fighting
  9468 | D:8      | Reached XP level 10. HP: 52/72 MP: 20/20
  9651 | D:9      | Reached skill level 5 in Polearms
  9786 | D:9      | Noticed Pikel
  9795 | D:9      | Killed Pikel
 10233 | D:10     | Entered Level 10 of the Dungeon
 10297 | D:10     | Found a staircase to the Orcish Mines.
 10328 | D:10     | Reached *** piety under Hepliaklqana
 10605 | D:10     | Noticed a fire crab
 10613 | D:10     | Killed a fire crab
 11234 | D:11     | Noticed a two-headed ogre
 11235 | D:11     | Noticed a red ugly thing
 11257 | D:11     | Killed a two-headed ogre
 11257 | D:11     | Reached XP level 11. HP: 34/81 MP: 23/23
 11277 | D:11     | Killed a red ugly thing
 11336 | D:11     | Noticed an unseen horror
 11475 | D:11     | Noticed a cyan ugly thing
 11499 | D:11     | Killed a cyan ugly thing
 11544 | D:11     | Found a runed translucent gate.
 11544 | D:11     | Found a runed translucent gate.
 11544 | D:11     | Found a runed translucent gate.
 11547 | D:11     | Noticed Tocydero's ghost (journeyman CeHu)
 12000 | D:11     | Found a staircase to the Lair.
 12051 | D:11     | Reached **** piety under Hepliaklqana
 12210 | D:11     | Killed an unseen horror
 12210 | D:11     | Reached skill level 10 in Polearms
 12224 | D:11     | Found a roughly hewn altar of Beogh.
 12267 | D:11     | Killed Tocydero's ghost
 12413 | D:11     | Noticed a two-headed ogre
 12423 | D:11     | Killed a two-headed ogre
 12618 | D:12     | Learned a level 5 spell: Fireball
 12623 | D:12     | Learned a level 4 spell: Sticky Flame
 12653 | D:12     | Reached skill level 1 in Fire Magic
 12659 | D:12     | Reached skill level 1 in Conjurations
 12678 | D:12     | Reached skill level 2 in Fire Magic
 12786 | D:12     | Noticed Urug
 12798 | D:12     | HP: 4/81 [Urug/javelin (32)]
 13093 | D:12     | Reached skill level 3 in Fire Magic
 13141 | D:11     | Reached XP level 12. HP: 31/87 MP: 25/25
 13388 | D:12     | Reached skill level 4 in Fire Magic
 13784 | D:12     | Noticed a five-headed hydra
 13795 | D:12     | Killed a five-headed hydra
 13856 | D:12     | Reached skill level 5 in Fire Magic
 13899 | D:12     | Noticed Azrael
 14138 | D:13     | Noticed a two-headed ogre
 14145 | D:13     | Killed a two-headed ogre
 14145 | D:13     | Reached skill level 6 in Fire Magic
 14384 | D:13     | Reached skill level 7 in Fire Magic
 14484 | D:13     | Noticed a centaur warrior
 14550 | D:13     | Noticed a seven-headed hydra
 14571 | D:13     | Killed a seven-headed hydra
 14675 | D:13     | Killed a centaur warrior
 14675 | D:13     | Reached skill level 5 in Conjurations
 14675 | D:13     | Reached skill level 8 in Fire Magic
 15315 | D:13     | Reached ***** piety under Hepliaklqana
 15408 | D:12     | Killed Urug
 15671 | D:12     | Reached skill level 9 in Fire Magic
 15732 | D:12     | Killed Azrael
 16236 | D:14     | Reached skill level 1 in Invocations
 16236 | D:14     | Reached skill level 1 in Evocations
 16255 | D:14     | Found a glowing golden altar of the Shining One.
 16257 | D:14     | Reached skill level 10 in Fire Magic
 16315 | D:14     | Noticed a two-headed ogre
 16321 | D:14     | Killed a two-headed ogre
 16321 | D:14     | Reached XP level 13. HP: 61/92 MP: 26/26
 18113 | D:14     | Reached skill level 11 in Fire Magic
 18515 | Lair:1   | Entered Level 1 of the Lair of Beasts
 19024 | Lair:1   | Found a runed translucent gate.
 19025 | Lair:1   | Found a runed translucent gate.
 19026 | Lair:1   | Found a runed translucent gate.
 19029 | Lair:1   | Noticed PainCeiling's ghost (journeyman DrIE)
 19044 | Lair:1   | Killed PainCeiling's ghost
 19464 | Lair:2   | Found the +11 plutonium sword {*Contam Stlth-}
 19627 | Lair:2   | Noticed Nergalle
 19638 | Lair:2   | Killed Nergalle
 19709 | Lair:2   | Reached skill level 5 in Invocations
 19715 | Lair:2   | Reached skill level 12 in Fire Magic
 20000 | Lair:2   | Got a heavily runed cloak
 20011 | Lair:2   | Identified the +1 cloak of a sewer {Stlth+} (You found it
                  | on level 2 of the Lair of Beasts)
 20022 | Lair:2   | Identified the Catalogue of the Twisted Compass
 21179 | Lair:3   | Reached XP level 14. HP: 95/99 MP: 27/27
 21559 | Lair:4   | Found a gate leading to a gauntlet.
 21565 | Lair:4   | Found a blossoming altar of Fedhas.
 21568 | Gauntlet | Entered a Gauntlet
 21568 | Gauntlet | Found a transporter.
 21578 | Gauntlet | Found a transporter.
 21593 | Gauntlet | Found a transporter.
 21598 | Gauntlet | Found a transporter.
 21613 | Gauntlet | Found a transporter.
 21632 | Gauntlet | Found a transporter.
 21644 | Gauntlet | Found a transporter.
 21650 | Gauntlet | Found a transporter.
 21665 | Gauntlet | Found a transporter.
 21677 | Gauntlet | Found a transporter.
 21689 | Gauntlet | Found a transporter.
 21695 | Gauntlet | Found a transporter.
 21695 | Gauntlet | Found a transporter.
 21734 | Gauntlet | Found a transporter.
 21761 | Gauntlet | Found a transporter.
 21761 | Gauntlet | Found a transporter.
 21873 | Gauntlet | Found a transporter.
 22023 | Gauntlet | Found a transporter.
 22115 | Gauntlet | Got a shimmering turquoise ring
 22333 | Gauntlet | Identified the ring of Ishaw {Ice +Blink MR- Dex+6 Stlth+}
                  | (You found it in a Gauntlet)
 22386 | Gauntlet | Identified the cursed +3 battleaxe "Bionywn" {drain, +Fly
                  | MR+ MP+9 Int-4}
 22405 | Gauntlet | Hit by a silver javelin thrown by a minotaur

Levels and vault maps discovered:
D:1:      mrwooster_arrival_statue_3, layout_basic, hex_tiny,
          minmay_misc_feat_tower
D:2:      minmay_alternating_diamond, layout_basic, lemuel_round_altar,
          minmay_cupped
D:3:      mumra_celtic_spiral_tile, layout_basic,
          chequers_ecumenical_altar_island
D:4:      layout_basic, vehumet_statue, hangedman_decor_points
D:5:      layout_loops_ring, kennysheep_mini, minmay_temple_entry_hall,
          first_ration, serial_shops, shop, shop, nicolae_shop_stone, shop,
          shop, gup_sewer_entry_pipe, uniq_crazy_yiuf_cottage,
          uniq_blork_the_orc
D:6:      layout_rooms, lemuel_blue_sif_altar, lemuel_crystal_altar,
          gammafunk_ghost_mausoleum, nrook_uturn
D:7:      layout_basic, grunt_temple_overflow_champion_of_chaos, basic_altar
D:8:      layout_rooms, zin_academy
D:9:      kennysheep_ambush_hall, layout_cave_pools, uniq_pikel
D:10:     layout_layer_cave, orc_0_dummy
D:11:     layout_long_grid, grunt_lair_entry_orc_guard_hut,
          biasface_ghost_orc_armoury, grunt_pizzeria, minivault_14
D:12:     layout_layer_cave, uniq_azrael, uniq_urug
D:13:     layout_cave_pods, kennysheep_decorative_pillar
D:14:     evilmike_diamond_1, layout_rooms, david_vaults_2, basic_altar
Temple:   minmay_temple_curvy_branch
Lair:1:   layout_cave_pods, ebering_ghost_rock_garden, st_stairs_11,
          nicolae_quartered_pool_little, grunt_megastairs_4,
          serial_bayou_shore_b
Lair:2:   cheibrodos_lair_overgrown_chateau, layout_big_grid, serial_forest,
          infiniplex_forest_zigzag_1, infiniplex_forest_straight_2,
          infiniplex_forest_lined_2, infiniplex_forest_lined_room_2,
          infiniplex_forest_lined_3_way, infiniplex_forest_end_2,
          infiniplex_forest_lined_3, infiniplex_forest_lined_2, uniq_nergalle
Lair:3:   layout_loops_ring, grunt_megastairs_3, serial_bayou_shore_b
Lair:4:   layout_regular_city, elwin_shoals_entry_rocks, spider_nest_entry_webs,
          gauntlet_entry_generic, basic_altar
Gauntlet: gammafunk_gauntlet_one_two_three [nicolae_gauntlet_arena_blocks,
          gammafunk_gauntlet_arena_arrow_garden,
          gammafunk_gauntlet_arena_crates, nicolae_gauntlet_arena_quarters,
          gammafunk_gauntlet_arena_mazey, nicolae_gauntlet_arena_flowing_pool,
          gammafunk_gauntlet_arena_hedges, nicolae_gauntlet_arena_t_cross,
          gammafunk_gauntlet_arena_grid, gauntlet_exit_green]

Skill      XL: |  1  2  3  4  5  6  7  8  9 10 11 12 13 14 |
---------------+-------------------------------------------+-----
Summonings     | 5 6 7 9 |  9.1
Spellcasting   | 3 4 5 7 8 9 |  9.7
Air Magic      | 2 4 6 |  6.6
Fighting       | 5 6 |  6.8
Polearms       | 4 8 10 11 | 11.2
Fire Magic     | 3 10 12 | 12.4
Conjurations   | 2 6 8 |  8.2
Invocations    | 1 5 6 |  6.0
Evocations     | 1 4 |  4.0
Dodging        | 2 |  2.4
Staves         | |  0.4
Stealth        | |  1.7

Action                   |  1- 3 |  4- 6 |  7- 9 | 10-12 | 13-15 || total
-------------------------+-------+-------+-------+-------+-------++-------
Melee: Unarmed           |     8 |       |       |       |       ||     8
       Hand axe          |   109 |   144 |       |       |       ||   253
       Dagger            |     5 |       |       |       |       ||     5
       Tailslap          |    14 |    12 |    26 |    24 |     8 ||    84
       Falchion          |       |    29 |    92 |       |       ||   121
       Quarterstaff      |       |       |   121 |       |       ||   121
       Spear             |       |       |    39 |   381 |       ||   420
       Demon trident     |       |       |       |    36 |   196 ||   232
Throw: Dart              |       |       |       |     1 |       ||     1
 Cast: Summon Small Mamm |    39 |       |       |     2 |       ||    41
       Call Imp          |    15 |    80 |     5 |       |       ||   100
       Summon Lightning  |       |       |    11 |    51 |    39 ||   101
       Fireball          |       |       |       |       |    12 ||    12
Invok: Recall Ancestor   |       |       |     3 |     3 |     2 ||     8
       Ancestor Identity |       |       |     1 |       |       ||     1
       Ancestor Life: Ba |       |       |     1 |       |       ||     1
       Transference      |       |       |       |     1 |     3 ||     4
       Idealise          |       |       |       |     1 |     4 ||     5
 Abil: Breathe Steam     |       |       |    29 |    79 |    32 ||   140
Evoke: Sack of spiders   |       |       |       |       |     3 ||     3
       Wand              |       |       |       |       |     1 ||     1
  Use: Scroll            |       |       |     7 |    19 |    12 ||    38
       Potion            |       |       |       |     1 |     6 ||     7
 Stab: Sleeping          |     4 |     4 |     5 |     5 |     5 ||    23
       Petrified         |       |       |     5 |       |       ||     5
       Confused          |       |       |     1 |       |       ||     1
       Paralysed         |       |       |     3 |       |       ||     3
       Distracted        |       |       |       |     5 |     4 ||     9
  Eat: Chunk             |     5 |    12 |    17 |    24 |    21 ||    79
       Ration            |       |     1 |       |     3 |     2 ||     6
Armor: Skin              |    54 |   104 |    94 |    96 |    43 ||   391
Dodge: Dodged            |   130 |   166 |   151 |   174 |   131 ||   752
       Rpst.: Falchion   |       |    11 |    21 |       |       ||    32
